 Dungeon Crawl Stone Soup version 0.21-a0-578-gc6e9d75 (webtiles) character file.

8109 tidbits the Thaumaturge (level 11, -18/83 HPs)
             Began as a Gnoll Earth Elementalist on Dec 18, 2017.
             Was a Believer of Cheibriados.
             Hit by a javelin of penetration thrown by Urug (31 damage)
             ... on level 14 of the Dungeon.
             The game lasted 00:38:25 (2740 turns).

tidbits the Thaumaturge (Gnoll Earth Elementalist)  Turns: 2740, Time: 00:38:26

Health: -18/83     AC: 11    Str: 18    XL:     11   Next: 25%
Magic:  32/32      EV: 26    Int: 26    God:    Cheibriados [**....]
Gold:   40         SH: 10    Dex: 31    Spells: 7/26 levels left

rFire    . . .     SeeInvis .   a - +1 war axe (elec)
rCold    . . .     Gourm    .   D - +2 buckler
rNeg     . . .     Faith    .   p - +0 robe
rPois    .         Spirit   .   N - +1 helmet of Springtime {Str-2 Dex+7}
rElec    .         Reflect  .   E - +2 cloak
rCorr    .         Harm     .   G - +0 pair of gloves
MR       .....                  (no boots)
Stlth    ++++++....             s - amulet of magic regeneration
HPRegen  0.23/turn              V - ring of magical power
MPRegen  0.48/turn              w - +4 ring of strength

@: agile, very slow
A: distributed training, fangs 1, slimy green scales 1, clever 1, evolution 1,
strong nose
a: Bend Time, Renounce Religion


You were on level 14 of the Dungeon.
You worshipped Cheibriados.
Cheibriados was pleased with you.
You were not hungry.

You visited 2 branches of the dungeon, and saw 13 of its levels.

You collected 376 gold pieces.
You spent 336 gold pieces at shops.

Inventory:

Hand Weapons
 a - a +1 war axe of electrocution (weapon)
   (You took it off an orc warrior on level 11 of the Dungeon)
 b - a +0 dagger of venom
   (You took it off an orc on level 5 of the Dungeon)
 f - a +0 long sword of holy wrath
   (You took it off an orc warrior on level 7 of the Dungeon)
 g - a +4 longbow
 o - a +0 hunting sling
 r - a +0 broad axe
 x - a +0 dagger
 I - a +0 shortbow
 J - a +2 falchion of protection
   (You found it on level 6 of the Dungeon)
Missiles
 l - 43 sling bullets
 A - 14 tomahawks (quivered)
 F - 109 arrows
 Q - 37 stones
Armour
 j - a +0 shield
 p - a +0 robe (worn)
 q - a +2 hat
 D - a +2 buckler (worn)
 E - a +2 cloak (worn)
 G - a +0 pair of gloves (worn)
 K - a +0 ring mail of cold resistance
   (You found it on level 6 of the Dungeon)
 L - a +0 chain mail of magic resistance
   (You took it off an orc on level 8 of the Dungeon)
 N - the +1 helmet of Springtime (worn) {Str-2 Dex+7}
   (You found it on level 9 of the Dungeon)

   It affects your strength (-2).
   It affects your dexterity (+7).
Magical Staves
 P - an uncursed staff of poison
   (You found it on level 9 of the Dungeon)
Jewellery
 s - an amulet of magic regeneration (around neck)
   (You found it on level 3 of the Dungeon)
 t - an uncursed amulet of harm {unknown}
   (You found it on level 4 of the Dungeon)
 w - a +4 ring of strength (right hand)
   (You found it on level 6 of the Dungeon)
 H - an uncursed ring of teleportation
   (You found it on level 9 of the Dungeon)
 M - an uncursed ring of positive energy
   (You found it on level 8 of the Dungeon)
 T - an uncursed ring of protection from cold
   (You found it on level 9 of the Dungeon)
 V - a ring of magical power (left hand)
   (You found it on level 9 of the Dungeon)
Wands
 d - a wand of digging (15)
 y - a wand of acid (6)
 O - a wand of paralysis (6)
 Z - a wand of polymorph (13)
Scrolls
 i - a scroll of identify
 n - 2 scrolls of blinking
 R - 2 scrolls of amnesia
 W - 3 scrolls of magic mapping
Potions
 h - 2 potions of mutation {!q}
 k - a potion of agility
 v - 2 potions of haste
 z - a potion of ambrosia
 B - a potion of resistance
 C - a potion of flight
Books
 e - a book of Geomancy

   Spells                             Type                      Level
   a - Sandblast                      Earth                        1
   b - Passwall                       Transmutation/Earth          2
   c - Stone Arrow                    Conjuration/Earth            3
   d - Petrify                        Transmutation/Earth          4
   e - Lee's Rapid Deconstruction     Earth                        5
 m - a book of Conjurations
   (You found it on level 7 of the Dungeon)

   Spells                             Type                      Level
   a - Magic Dart                     Conjuration                  1
   b - Searing Ray                    Conjuration                  2
   c - Dazzling Spray                 Conjuration/Hexes            3
   d - Fulminant Prism                Conjuration/Hexes            4
   e - Force Lance                    Conjuration/Translocation    4
   f - Iskenderun's Mystic Blast      Conjuration                  4
Comestibles
 c - 13 rations


   Skills:
 + Level 6.4 Fighting
 + Level 6.4 Short Blades
 + Level 6.4 Long Blades
 + Level 6.4 Axes
 + Level 6.4 Maces & Flails
 + Level 6.4 Polearms
 + Level 6.4 Staves
 + Level 6.4 Slings
 + Level 6.4 Bows
 + Level 6.4 Crossbows
 + Level 6.4 Throwing
 + Level 6.4 Armour
 + Level 8.0 Dodging
 + Level 7.7 Stealth
 + Level 6.4 Shields
 + Level 6.4 Unarmed Combat
 + Level 8.2 Spellcasting
 + Level 5.3 Conjurations
 + Level 5.3 Hexes
 + Level 5.3 Charms
 + Level 5.3 Summonings
 + Level 5.3 Necromancy
 + Level 5.3 Translocations
 + Level 5.8 Transmutations
 + Level 5.3 Fire Magic
 + Level 5.3 Ice Magic
 + Level 5.3 Air Magic
 + Level 7.7 Earth Magic
 + Level 5.3 Poison Magic
 + Level 7.0 Invocations
 + Level 6.4 Evocations


You had 7 spell levels left.
You knew the following spells:

 Your Spells              Type           Power        Failure   Level  Hunger
a - Sandblast             Erth           ######       1%          1    None
p - Petrify               Tmut/Erth      #####...     3%          4    ##.....
s - Stone Arrow           Conj/Erth      #####.       1%          3    None
w - Passwall              Tmut/Erth      #####.....   1%          2    None
D - Lee's Rapid Deconstr  Erth           ######....   6%          5    ####...
P - Fulminant Prism       Conj/Hex       #####.....   6%          4    ##.....


Dungeon Overview and Level Annotations

Branches:
Dungeon (11/15)            Temple (1/1) D:6            Lair (0/6) D:8
    Orc: D:9-12

Altars:
Ashenzari
Cheibriados
Dithmenos
Elyvilon
Gozag
Hepliaklqana
Kikubaaqudgha
Makhleb
Nemelex Xobeh
Okawaru
Qazlal
Ru
Sif Muna
Trog
Uskayaw
Vehumet
Wu Jian
Xom
Yredelemnul
Zin
The Shining One

Shops:
D:9 ?

Annotations:
D:9 1 runed door
D:14 Urug


Innate Abilities, Weirdness & Mutations

Your experience applies equally to all skills.
You have very sharp teeth.
Your uncanny sense of smell can sniff out nearby items.
You are partially covered in slimy green scales. (AC +2)
Your mind is acute. (Int +2)
You evolve.


Message History

You see here an arrow.
You slash the centaur warrior!
Lightning courses through the centaur warrior!
Your bite misses the centaur warrior.
The centaur warrior is severely wounded.
You closely miss the centaur.
The centaur hits you but does no damage.
The centaur shoots an arrow.
The arrow hits you but does no damage. You block the centaur warrior's attack.
The centaur hits you! You block the centaur warrior's attack.
Casting: Sandblast
Confirm with . or Enter, or press ? or * to list all spells.
Aiming: Sandblast
Press: ? - help, Shift-Dir - straight line, f - jelly
Aim: a jelly The blast of sand hits the jelly.
You kill the jelly!
Cheibriados appreciates the change of pace.
Q - 37 stones The centaur barely misses you.
The centaur warrior hits you but does no damage.
The centaur shoots an arrow.
The arrow closely misses you. The centaur misses you.
You hit the centaur warrior.
Lightning courses through the centaur warrior!
You bite the centaur warrior.
The centaur warrior is almost dead.
You slash the centaur! Lightning courses through the centaur!
You block the centaur warrior's attack.
The centaur shoots an arrow.
You block the arrow. The centaur hits you.
* * * LOW HITPOINT WARNING * * *
The centaur warrior hits you but does no damage.
The centaur shoots an arrow.
The arrow misses you.
You hit the centaur warrior.
You kill the centaur warrior!
Cheibriados thoroughly appreciates the change of pace.
Your Dodging skill increases to level 8!
Your Invocations skill increases to level 7!
You barely miss the centaur. You block the centaur's attack.
The centaur shoots an arrow.
The arrow closely misses you. The centaur barely misses you.
You hit the centaur.
You kill the centaur!
Cheibriados appreciates the change of pace.
The centaur unwields an uncursed shortbow.
The centaur completely misses you.
You slash the centaur! Lightning courses through the centaur!
You kill the centaur!
Cheibriados thoroughly appreciates the change of pace.
Things that are here:
an uncursed shortbow; an arrow; a centaur corpse
Okay, then.
You see here 3 arrows.
F - 63 arrows (gained 3)
Things that are here:
an uncursed enchanted longbow; 23 arrows
g - an uncursed enchanted longbow;
F - 86 arrows (gained 23)
Things that are here:
an uncursed shortbow; 23 arrows
F - 109 arrows (gained 23)
An enchanted long sword comes into view.
You open the door.
You block the enchanted long sword's attack.
Press: ? - help, v - describe, . - travel
Here: an enchanted long sword The floor.
Unknown command.
Evoke which item? (* to show all) (? for menu, Esc to quit)
Okay, then.
The flow of time bends around you.
The enchanted long sword is unaffected.
You feel slightly more hungry.
The enchanted long sword hits you but does no damage.
The enchanted long sword hits you!
* * * LOW HITPOINT WARNING * * *
Press: ? - help, v - describe, . - travel
Here: an enchanted long sword The floor.
As you read the scroll of teleportation, it crumbles to dust.
You feel strangely unstable.
You block the enchanted long sword's attack.
The enchanted long sword hits you!
* * * LOW HITPOINT WARNING * * *
The enchanted long sword hits you!
* * * LOW HITPOINT WARNING * * *
You see here an uncursed shortbow.
Your surroundings suddenly seem different.
Urug the Orcish Ballista comes into view.
She is wielding an enchanted long sword.
Okay, then.
Unknown command.
Okay, then.
Okay, then.
Unknown command.
Okay, then.
You feel agile all of a sudden.
The shadow imp shouts, "Scamper away, thou feckless unchin-snouted dewberry!"
You hear a shout!
You block the shadow imp's attack.
Urug throws a javelin of penetration.
The javelin of penetration pierces through you!!
You die...

#############
#...........#
#..........@#
#.........5.#
#...........#
#...........#
#...........+
#...........#
#...........#
#........o.W#
###......


You could see Urug, a freezing wraith and a shadow imp.

Vanquished Creatures
  A hydra (D:14)
  A centaur warrior (D:14)
  The ghost of tidbits the Digger, a novice GnEE (D:7)
  An ugly thing (D:10)
  Prince Ribbit (D:9)
  2 hippogriffs
  A wyvern (D:9)
  2 ice beasts
  3 sky beasts
  11 orc warriors
  A phantom (D:7)
  4 ogres
  5 centaurs
  2 big kobolds
  3 bullfrogs
  A scorpion (D:4)
  6 howler monkeys
  A crimson imp (D:6)
  2 centaur zombies
  2 jellies
  2 hounds
  6 orc priests
  9 orc wizards
  2 iguanas (D:5)
  A worker ant (D:6)
  6 adders
  4 shadow imps
  2 oozes
  An adder skeleton (D:7)
  3 leopard geckos
  37 orcs
  A ball python (D:2)
  4 bats
  3 giant cockroaches
  6 goblins
  5 hobgoblins
  A quokka (D:7)
  A ball python zombie (D:5)
  A frilled lizard (D:2)
  8 kobolds
154 creatures vanquished.

Vanquished Creatures (others)
  2 fulminant prisms (D:9)
2 creatures vanquished.

Grand Total: 156 creatures vanquished

Notes
Turn   | Place    | Note
-------+----------+-------------------------------------------
     0 | D:1      | tidbits the Gnoll Earth Elementalist began the quest for the Orb.
     0 | D:1      | Reached XP level 1. HP: 13/13 MP: 6/6
   130 | D:2      | Reached skill level 2 in Transmutations
   191 | D:1      | Reached XP level 2. HP: 19/19 MP: 5/7
   195 | D:1      | Learned a level 2 spell: Passwall
   411 | D:4      | Found a stormy altar of Qazlal.
   454 | D:2      | Reached XP level 3. HP: 22/25 MP: 6/9
   458 | D:2      | Reached skill level 5 in Spellcasting
   479 | D:2      | Found a radiant altar of Vehumet.
   479 | D:2      | Found a burning altar of Makhleb.
   508 | D:2      | Reached skill level 1 in Invocations
   530 | D:5      | Entered Level 5 of the Dungeon
   590 | D:4      | Noticed a scorpion
   592 | D:4      | Killed a scorpion
   592 | D:4      | Reached skill level 1 in Fighting
   592 | D:4      | Reached skill level 1 in Short Blades
   592 | D:4      | Reached skill level 1 in Long Blades
   592 | D:4      | Reached skill level 1 in Axes
   592 | D:4      | Reached skill level 1 in Maces & Flails
   592 | D:4      | Reached skill level 1 in Polearms
   592 | D:4      | Reached skill level 1 in Staves
   592 | D:4      | Reached skill level 1 in Slings
   592 | D:4      | Reached skill level 1 in Bows
   592 | D:4      | Reached skill level 1 in Crossbows
   592 | D:4      | Reached skill level 1 in Throwing
   592 | D:4      | Reached skill level 1 in Armour
   592 | D:4      | Reached skill level 1 in Shields
   592 | D:4      | Reached skill level 1 in Unarmed Combat
   592 | D:4      | Reached skill level 1 in Evocations
   592 | D:4      | Reached XP level 4. HP: 32/32 MP: 9/11
   697 | D:5      | Reached skill level 1 in Conjurations
   697 | D:5      | Reached skill level 1 in Hexes
   697 | D:5      | Reached skill level 1 in Charms
   697 | D:5      | Reached skill level 1 in Summonings
   697 | D:5      | Reached skill level 1 in Necromancy
   697 | D:5      | Reached skill level 1 in Translocations
   697 | D:5      | Reached skill level 1 in Fire Magic
   697 | D:5      | Reached skill level 1 in Ice Magic
   697 | D:5      | Reached skill level 1 in Air Magic
   697 | D:5      | Reached skill level 1 in Poison Magic
   705 | D:5      | Reached XP level 5. HP: 34/37 MP: 8/12
   755 | D:5      | Noticed an ogre
   762 | D:5      | Killed an ogre
   762 | D:5      | Reached XP level 6. HP: 44/44 MP: 9/13
   767 | D:5      | Learned a level 3 spell: Stone Arrow
   772 | D:5      | Learned a level 4 spell: Petrify
   778 | D:5      | Learned a level 5 spell: Lee's Rapid Deconstruction
   816 | D:6      | Noticed an orc warrior
   852 | D:6      | Noticed an ice beast
   859 | D:6      | Reached skill level 5 in Dodging
   859 | D:6      | Reached skill level 2 in Invocations
   868 | D:6      | Reached skill level 2 in Fighting
   868 | D:6      | Reached skill level 2 in Short Blades
   868 | D:6      | Reached skill level 2 in Long Blades
   868 | D:6      | Reached skill level 2 in Axes
   868 | D:6      | Reached skill level 2 in Maces & Flails
   868 | D:6      | Reached skill level 2 in Polearms
   868 | D:6      | Reached skill level 2 in Staves
   868 | D:6      | Reached skill level 2 in Slings
   868 | D:6      | Reached skill level 2 in Bows
   868 | D:6      | Reached skill level 2 in Crossbows
   868 | D:6      | Reached skill level 2 in Throwing
   868 | D:6      | Reached skill level 2 in Armour
   868 | D:6      | Reached skill level 2 in Shields
   868 | D:6      | Reached skill level 2 in Unarmed Combat
   868 | D:6      | Reached skill level 2 in Evocations
   906 | D:5      | Noticed a sky beast
   912 | D:5      | Killed a sky beast
   912 | D:5      | Reached XP level 7. HP: 24/50 MP: 13/15
  1026 | D:5      | Reached skill level 2 in Conjurations
  1026 | D:5      | Reached skill level 2 in Hexes
  1026 | D:5      | Reached skill level 2 in Charms
  1026 | D:5      | Reached skill level 2 in Summonings
  1026 | D:5      | Reached skill level 2 in Necromancy
  1026 | D:5      | Reached skill level 2 in Translocations
  1026 | D:5      | Reached skill level 2 in Fire Magic
  1026 | D:5      | Reached skill level 2 in Ice Magic
  1026 | D:5      | Reached skill level 2 in Air Magic
  1026 | D:5      | Reached skill level 2 in Poison Magic
  1080 | D:6      | Reached skill level 3 in Transmutations
  1115 | D:6      | Found a sparkling altar of Nemelex Xobeh.
  1158 | D:6      | Reached skill level 5 in Stealth
  1166 | D:6      | Found a staircase to the Ecumenical Temple.
  1176 | Temple   | Entered the Ecumenical Temple
  1263 | D:7      | Reached skill level 3 in Invocations
  1271 | D:7      | Reached skill level 6 in Earth Magic
  1271 | D:7      | Reached XP level 8. HP: 49/57 MP: 16/16
  1298 | D:7      | Reached skill level 3 in Fighting
  1298 | D:7      | Reached skill level 3 in Short Blades
  1298 | D:7      | Reached skill level 3 in Long Blades
  1298 | D:7      | Reached skill level 3 in Axes
  1298 | D:7      | Reached skill level 3 in Maces & Flails
  1298 | D:7      | Reached skill level 3 in Polearms
  1298 | D:7      | Reached skill level 3 in Staves
  1298 | D:7      | Reached skill level 3 in Slings
  1298 | D:7      | Reached skill level 3 in Bows
  1298 | D:7      | Reached skill level 3 in Crossbows
  1298 | D:7      | Reached skill level 3 in Throwing
  1298 | D:7      | Reached skill level 3 in Armour
  1298 | D:7      | Reached skill level 3 in Shields
  1298 | D:7      | Reached skill level 3 in Unarmed Combat
  1298 | D:7      | Reached skill level 3 in Evocations
  1368 | D:9      | Got a crude helmet
  1379 | D:9      | Identified the +1 helmet of Springtime {Str-2 Dex+7} (You found it on level 9 of the Dungeon)
  1386 | D:9      | Found a runed door.
  1392 | D:9      | Noticed a sixfirhy
  1405 | D:9      | Noticed Prince Ribbit
  1406 | D:9      | Found Abbe Suo's Magic Scroll Shop.
  1458 | D:7      | Reached skill level 6 in Spellcasting
  1471 | D:7      | Noticed tidbits's ghost (novice GnEE)
  1475 | D:7      | Gained mutation: You are weak. (Str -2) [potion of mutation]
  1475 | D:7      | Gained mutation: You evolve. [potion of mutation]
  1475 | D:7      | Gained mutation: You are partially covered in slimy green scales. (AC +2) [potion of mutation]
  1475 | D:7      | Gained mutation: Your mind is acute. (Int +2) [potion of mutation]
  1476 | D:7      | HP: 3/58 [tidbits's ghost (10)]
  1477 | D:7      | Reached skill level 5 in Fighting
  1477 | D:7      | Reached skill level 5 in Short Blades
  1477 | D:7      | Reached skill level 5 in Long Blades
  1477 | D:7      | Reached skill level 5 in Axes
  1477 | D:7      | Reached skill level 5 in Maces & Flails
  1477 | D:7      | Reached skill level 5 in Polearms
  1477 | D:7      | Reached skill level 5 in Staves
  1477 | D:7      | Reached skill level 5 in Slings
  1477 | D:7      | Reached skill level 5 in Bows
  1477 | D:7      | Reached skill level 5 in Crossbows
  1477 | D:7      | Reached skill level 5 in Throwing
  1477 | D:7      | Reached skill level 5 in Armour
  1477 | D:7      | Reached skill level 7 in Dodging
  1477 | D:7      | Reached skill level 6 in Stealth
  1477 | D:7      | Reached skill level 5 in Shields
  1477 | D:7      | Reached skill level 5 in Unarmed Combat
  1477 | D:7      | Reached skill level 7 in Spellcasting
  1477 | D:7      | Reached skill level 4 in Conjurations
  1477 | D:7      | Reached skill level 4 in Hexes
  1477 | D:7      | Reached skill level 4 in Charms
  1477 | D:7      | Reached skill level 4 in Summonings
  1477 | D:7      | Reached skill level 4 in Necromancy
  1477 | D:7      | Reached skill level 4 in Translocations
  1477 | D:7      | Reached skill level 5 in Transmutations
  1477 | D:7      | Reached skill level 4 in Fire Magic
  1477 | D:7      | Reached skill level 4 in Ice Magic
  1477 | D:7      | Reached skill level 4 in Air Magic
  1477 | D:7      | Reached skill level 7 in Earth Magic
  1477 | D:7      | Reached skill level 4 in Poison Magic
  1477 | D:7      | Reached skill level 6 in Invocations
  1477 | D:7      | Reached skill level 5 in Evocations
  1477 | D:7      | Reached XP level 9. HP: 3/68 MP: 17/20
  1489 | D:7      | Killed tidbits's ghost
  1489 | D:7      | Reached skill level 7 in Stealth
  1678 | D:8      | Found a staircase to the Lair.
  1798 | D:6      | Reached XP level 10. HP: 75/75 MP: 19/21
  1997 | D:8      | Lost mutation: You are weak. (Str -2) [evolution]
  2120 | D:10     | Entered Level 10 of the Dungeon
  2130 | D:9      | Found a faded altar of an unknown god.
  2130 | D:9      | Found an opulent altar of Gozag.
  2134 | D:9      | Killed Prince Ribbit
  2137 | D:9      | Found a snail-covered altar of Cheibriados.
  2139 | D:9      | Found an ancient bone altar of Kikubaaqudgha.
  2141 | D:9      | Found a white marble altar of Elyvilon.
  2144 | D:9      | Became a worshipper of Cheibriados the Contemplative
  2163 | D:9      | Learned a level 4 spell: Fulminant Prism
  2356 | D:9      | Reached * piety under Cheibriados
  2360 | D:9      | Reached skill level 6 in Fighting
  2360 | D:9      | Reached skill level 6 in Short Blades
  2360 | D:9      | Reached skill level 6 in Long Blades
  2360 | D:9      | Reached skill level 6 in Axes
  2360 | D:9      | Reached skill level 6 in Maces & Flails
  2360 | D:9      | Reached skill level 6 in Polearms
  2360 | D:9      | Reached skill level 6 in Staves
  2360 | D:9      | Reached skill level 6 in Slings
  2360 | D:9      | Reached skill level 6 in Bows
  2360 | D:9      | Reached skill level 6 in Crossbows
  2360 | D:9      | Reached skill level 6 in Throwing
  2360 | D:9      | Reached skill level 6 in Armour
  2360 | D:9      | Reached skill level 6 in Shields
  2360 | D:9      | Reached skill level 6 in Unarmed Combat
  2360 | D:9      | Reached skill level 6 in Evocations
  2373 | D:9      | Reached skill level 5 in Conjurations
  2373 | D:9      | Reached skill level 5 in Hexes
  2373 | D:9      | Reached skill level 5 in Charms
  2373 | D:9      | Reached skill level 5 in Summonings
  2373 | D:9      | Reached skill level 5 in Necromancy
  2373 | D:9      | Reached skill level 5 in Translocations
  2373 | D:9      | Reached skill level 5 in Fire Magic
  2373 | D:9      | Reached skill level 5 in Ice Magic
  2373 | D:9      | Reached skill level 5 in Air Magic
  2373 | D:9      | Reached skill level 5 in Poison Magic
  2507 | D:9      | Bought 3 scrolls of magic mapping for 147 gold pieces
  2507 | D:9      | Bought a scroll of teleportation for 42 gold pieces
  2507 | D:9      | Bought a scroll of remove curse for 42 gold pieces
  2507 | D:9      | Bought a scroll of amnesia for 49 gold pieces
  2507 | D:9      | Bought a scroll of identify for 28 gold pieces
  2507 | D:9      | Bought a scroll of identify for 28 gold pieces
  2596 | D:11     | Noticed a brown ugly thing
  2603 | D:11     | Noticed a purple ugly thing
  2615 | D:10     | Killed a purple ugly thing
  2615 | D:10     | Reached skill level 8 in Spellcasting
  2646 | D:10     | Reached ** piety under Cheibriados
  2692 | D:11     | You fall through a shaft for 3 floors!
  2702 | D:14     | Reached XP level 11. HP: 73/81 MP: 23/23
  2705 | D:14     | Noticed a five-headed hydra
  2709 | D:14     | Noticed a centaur warrior
  2715 | D:14     | Killed a five-headed hydra
  2721 | D:14     | Killed a centaur warrior
  2721 | D:14     | Reached skill level 8 in Dodging
  2721 | D:14     | Reached skill level 7 in Invocations
  2731 | D:14     | Noticed an enchanted long sword
  2739 | D:14     | Noticed Urug
  2740 | D:14     | Hit by a javelin of penetration thrown by Urug

Vault maps used:
D:1:      nagdon_arrival_double_spiral
D:2:      gammafunk_temple_overflow_statue, minmay_tetromino_s2
D:3:      hangedman_abyss_or_decor_lesser_grid
D:4:      kennysheep_mini, first_ration, uniq_pikel
D:6:      nemelex_xobeh_ov_fountains_minmay, old_standard_altar, temple_statues
D:8:      lair_entry_dummy, hangedman_ranch, minmay_liquid_box
D:9:      cheibrodos_shockbox, chequers_temple_overflow_minitemple,
          special_room, serial_shops, shop, uniq_prince_ribbit1
D:10:     grunt_ministairs_11, uniq_maurice, uniq_erica
D:11:     corexii_leaking_fountain, st_stairs_9, minmay_variable_closet
D:14:     erik_vaults_1, lemuel_doored_altar, kennysheep_small_spiral,
          uniq_urug, uniq_rupert
Temple:   cyrus_circular_temple

Skill      XL: |  1  2  3  4  5  6  7  8  9 10 11 |
---------------+----------------------------------+-----
Transmutations | 2 3 5 |  5.8
Spellcasting   | 5 7 8 |  8.2
Invocations    | 1 2 3 6 7 |  7.0
Fighting       | 1 2 5 6 |  6.4
Short Blades   | 1 2 5 6 |  6.4
Long Blades    | 1 2 5 6 |  6.4
Axes           | 1 2 5 6 |  6.4
Maces & Flails | 1 2 5 6 |  6.4
Polearms       | 1 2 5 6 |  6.4
Staves         | 1 2 5 6 |  6.4
Slings         | 1 2 5 6 |  6.4
Bows           | 1 2 5 6 |  6.4
Crossbows      | 1 2 5 6 |  6.4
Throwing       | 1 2 5 6 |  6.4
Armour         | 1 2 5 6 |  6.4
Shields        | 1 2 5 6 |  6.4
Unarmed Combat | 1 2 5 6 |  6.4
Evocations     | 1 2 5 6 |  6.4
Conjurations   | 1 2 4 5 |  5.3
Hexes          | 1 2 4 5 |  5.3
Charms         | 1 2 4 5 |  5.3
Summonings     | 1 2 4 5 |  5.3
Necromancy     | 1 2 4 5 |  5.3
Translocations | 1 2 4 5 |  5.3
Fire Magic     | 1 2 4 5 |  5.3
Ice Magic      | 1 2 4 5 |  5.3
Air Magic      | 1 2 4 5 |  5.3
Poison Magic   | 1 2 4 5 |  5.3
Dodging        | 5 7 8 |  8.0
Stealth        | 5 6 7 |  7.7
Earth Magic    | 6 7 |  7.7

Action                   |  1- 3 |  4- 6 |  7- 9 | 10-12 || total
-------------------------+-------+-------+-------+-------++-------
Melee: Dagger            |     4 |     3 |    52 |    58 ||   117
       War axe           |       |       |       |    22 ||    22
       Bite              |       |       |       |    15 ||    15
       Broad axe         |       |       |       |    12 ||    12
 Cast: Sandblast         |    25 |    24 |    47 |    34 ||   130
       Passwall          |       |     1 |     6 |    14 ||    21
       Petrify           |       |       |     2 |     7 ||     9
       Lee's Rapid Decon |       |       |       |     4 ||     4
       Fulminant Prism   |       |       |       |     2 ||     2
Invok: Bend Time         |       |       |       |     1 ||     1
Evoke: Wand              |       |       |       |    11 ||    11
  Use: Scroll            |       |       |    11 |     5 ||    16
       Potion            |       |       |    10 |     1 ||    11
 Stab: Sleeping          |     3 |     3 |     4 |    10 ||    20
       Petrified         |       |       |     6 |     3 ||     9
       Invisible         |       |       |     3 |       ||     3
       Paralysed         |       |       |       |    10 ||    10
  Eat: Chunk             |       |       |     2 |     5 ||     7
Armor: Robe              |     2 |     2 |     3 |    24 ||    31
       Skin              |       |       |    22 |       ||    22
Dodge: Dodged            |     3 |    15 |    29 |    79 ||   126
Block: Buckler           |     1 |     7 |    22 |    66 ||    96

Table legend:
 A = Spawn XP
 B = Non-spawn XP
 C = Spawn XP percentage of total XP
 D = Spawn monster count
 E = Non-spawn monster count
 F = Spawn count percentage of total count
 G = Total turns spent on level
                    A         B        C        D         E        F      G
               +---------+---------+-------+---------+---------+-------+---------
         Total |       0 |    9780 |   0.0 |       0 |     154 |   0.0 |  2740
               +---------+---------+-------+---------+---------+-------+---------
           D:1 |       0 |       7 |   0.0 |       0 |       4 |   0.0 |   240
           D:2 |       0 |      39 |   0.0 |       0 |      14 |   0.0 |   161
           D:3 |       0 |      15 |   0.0 |       0 |       5 |   0.0 |   141
           D:4 |       0 |      66 |   0.0 |       0 |       1 |   0.0 |   119
           D:5 |       0 |     516 |   0.0 |       0 |      13 |   0.0 |   391
           D:6 |       0 |     926 |   0.0 |       0 |      15 |   0.0 |   278
           D:7 |       0 |    1431 |   0.0 |       0 |      20 |   0.0 |   481
           D:8 |       0 |     207 |   0.0 |       0 |       6 |   0.0 |   159
           D:9 |       0 |    2096 |   0.0 |       0 |      46 |   0.0 |   398
          D:10 |       0 |    1530 |   0.0 |       0 |      19 |   0.0 |   237
          D:11 |       0 |     411 |   0.0 |       0 |       5 |   0.0 |    57
          D:14 |       0 |    2536 |   0.0 |       0 |       6 |   0.0 |    48
               +---------+---------+-------+---------+---------+-------+---------

Table legend:
 A = Turns spent in this place as a percentage of turns spent in the entire game.
 B = Non-inter-level travel turns spent in this place as a percentage of non-inter-level travel turns spent in the entire game.
 C = Inter-level travel turns spent in this place as a percentage of turns spent in this place.
 D = Turns resting spent in this place as a percentage of non-inter-level travel turns spent in this place.
 E = Turns spent auto-exploring this place as a percentage of non-inter-level travel turns spent in this place.
 F = Non-inter-level travel turns spent in this place divided by the number of levels of this place that you've seen.
                   A       B       C       D       E      F
               +-------+-------+-------+-------+-------+----------------------
         Total | 100.0 | 100.0 |   0.4 |   0.0 |   2.1 | 209.9
       Dungeon |  98.9 |  98.9 |   0.4 |   0.0 |   2.1 | 224.9
        Temple |   1.1 |   1.1 |   0.0 |   0.0 |   0.0 |  30.0
               +-------+-------+-------+-------+-------+----------------------

Table legend:
 A = Kills in this place as a percentage of kills in entire the game.
 B = Kills by you in this place as a percentage of kills by you in the entire game.
 C = Kills by friends in this place as a percentage of kills by friends in the entire game.
 D = Other kills in this place as a percentage of other kills in the entire game.
 E = Experience gained in this place as a percentage of experience gained in the entire game.
 F = Experience gained in this place divided by the number of levels of this place that you have seen.
                   A       B       C       D       E      F
               +-------+-------+-------+-------+-------+----------------------
         Total | 100.0 | 100.0 |   N/A |   N/A | 100.0 | 752.3
       Dungeon | 100.0 | 100.0 |   N/A |   N/A | 100.0 | 815.0
               +-------+-------+-------+-------+-------+----------------------

Vault maps used:
D:1:      nagdon_arrival_double_spiral
D:2:      gammafunk_temple_overflow_statue, minmay_tetromino_s2
D:3:      hangedman_abyss_or_decor_lesser_grid
D:4:      kennysheep_mini, first_ration, uniq_pikel
D:6:      nemelex_xobeh_ov_fountains_minmay, old_standard_altar, temple_statues
D:8:      lair_entry_dummy, hangedman_ranch, minmay_liquid_box
D:9:      cheibrodos_shockbox, chequers_temple_overflow_minitemple,
          special_room, serial_shops, shop, uniq_prince_ribbit1
D:10:     grunt_ministairs_11, uniq_maurice, uniq_erica
D:11:     corexii_leaking_fountain, st_stairs_9, minmay_variable_closet
D:14:     erik_vaults_1, lemuel_doored_altar, kennysheep_small_spiral,
          uniq_urug, uniq_rupert
Temple:   cyrus_circular_temple
